 Dungeon Sprint DCSS version 0.16.2-12-gd0ad4c3 (webtiles) character file.

2417 musteatbrain the Severer (level 9, -7/96 HPs)
             Began as a Minotaur Berserker on Oct 16, 2015.
             Was a High Priest of Trog.
             Mangled by a seven-headed hydra (11 damage)
             ... in the Dungeon (Sprint IX: "|||||||||||||||||||||||||||||").
             The game lasted 00:02:47 (589 turns).

musteatbrain the Severer (Minotaur Berserker)        Turns: 589, Time: 00:02:48

Health: -7/96      AC: 10    Str: 21    XL:     9   Next: 23%
Magic:  4/4        EV: 10    Int:  7    God:    Trog [*****.]
Gold:   6          SH:  0    Dex: 14    Spells: 0 memorised, 8 levels left

rFire  . . .     SeeInvis .     n - +3 war axe (chop)
rCold  . . .     Clarity  .     a - +1 chain mail
rNeg   . . .     SustAb   .     (no shield)
rPois  .         Gourm    .     (helmet restricted)
rElec  .         Spirit   .     m - +0 cloak (curse)
rCorr  .         Warding  .     (no gloves)
rMut   .         NoTele   +     (no boots)
MR     ++...                    (no amulet)
Stlth  ..........               b - +2 ring of evasion
                                o - +3 ring of intelligence

@: exhausted, regenerating, slowed, very slow, very resistant to hostile
enchantments, extremely unstealthy
A: retaliatory headbutt, horns 2
a: Burn Spellbooks, Berserk, Trog's Hand, Brothers in Arms, Renounce Religion


You were in the Dungeon.
You worshipped Trog.
Trog was extremely pleased with you.
You were not hungry.

You visited 1 branch You collected 6 gold pieces.

Inventory:

Hand weapons
 n - a +3 war axe of chopping (weapon)
Armour
 a - a +1 chain mail (worn)
 m - a cursed +0 cloak (worn)
Jewellery
 b - a +2 ring of evasion (right hand)
 o - a +3 ring of intelligence (left hand)
Magical devices
 l - a wand of draining (7)
Scrolls
 i - 2 scrolls of blinking
 k - 3 scrolls of remove curse
 r - a scroll of identify
 s - 2 scrolls of recharging
 t - 4 scrolls of enchant weapon
 u - a scroll of fog
Potions
 c - 2 potions of brilliance
 d - 5 potions of curing
 e - 4 potions of heal wounds
 f - a potion of haste
 g - 4 potions of magic
 h - 2 potions of berserk rage
 j - a potion of invisibility
 p - a potion of cure mutation
 q - a potion of restore abilities
Comestibles
 v - 4 chunks of flesh


   Skills:
 + Level 14.4 Fighting
 * Level 19.1 Axes
 - Level 2.4 Armour
 - Level 2.1 Dodging


You had 8 spell levels left.
You didn't know any spells.

Dungeon Overview and Level Annotations

Branches:
Dungeon (1/1)

Altars:
Cheibriados
Dithmenos
Elyvilon
Fedhas
Gozag
Kikubaaqudgha
Makhleb
Nemelex Xobeh
Okawaru
Qazlal
Ru
Sif Muna
Trog
Vehumet
Xom
Yredelemnul
Zin
The Shining One
Beogh
Jiyva
Lugonu


Innate Abilities, Weirdness & Mutations

You reflexively headbutt those who attack you in melee.
You have a pair of horns on your head.


Message History

Trog accepts your kill.
You're too exhausted to go berserk.
You feel much better. The seven-headed hydra bites you!
The seven-headed hydra bites you but does no damage.
The seven-headed hydra bites you.
The seven-headed hydra bites you but does no damage. x4
The seven-headed hydra bites you! x2
The seven-headed hydra bites you but does no damage.
The seven-headed hydra bites you!
* * * LOW HITPOINT WARNING * * *
The seven-headed hydra closely misses you. x2
The seven-headed hydra bites you!
* * * LOW HITPOINT WARNING * * *
Use which ability? (? or * to list)
Your skin crawls.
You feel resistant to hostile enchantments.
You feel slightly more hungry. The seven-headed hydra bites you!
* * * LOW HITPOINT WARNING * * *
The seven-headed hydra bites you!
You die...

▓▓▓▓▓▓▓▓▓▓▓▓▓▓▓▓▓▓▓▓▓▓▓▓▓▓▓▓
).....)††.†.....@D††.......+
▓▓▓▓▓▓▓▓▓▓▓▓▓▓▓▓▓▓▓▓▓▓▓▓▓▓▓▓▓▓▓▓▓
.................................
▓▓▓▓▓▓▓▓▓▓▓▓▓▓▓▓▓▓▓▓▓▓▓▓▓▓▓▓▓▓▓▓▓
...'_____________________'.?|).)[
▓▓▓▓▓▓▓▓▓▓▓▓▓▓▓▓▓▓▓▓▓▓▓▓▓▓▓▓▓▓▓▓▓


You could see a seven-headed hydra.

Vanquished Creatures
  2 black mambas (D)
  2 yaks (D)
  A hippogriff (D)
  2 water moccasins (D)
  A wolf (D)
  A porcupine (D)
  An ice beast (D)
  A sky beast (D)
  A phantom (D)
  A boring beetle (D)
  A crocodile (D)
  A centaur (D)
  4 giant frogs (D)
  An iguana (D)
  A worker ant (D)
  A mummy (D)
  3 adders (D)
  A shadow imp (D)
  2 bats (D)
  A giant cockroach (D)
  A goblin (D)
  2 hobgoblins (D)
  4 kobolds (D)
  A quokka skeleton (D)
  2 rats (D)
39 creatures vanquished.

Notes
Turn   | Place    | Note
--------------------------------------------------------------
     0 | D        | musteatbrain, the Minotaur Berserker, began the quest for the Orb.
     0 | D        | Reached XP level 1. HP: 19/19 MP: 1/1
     5 | D        | Reached skill level 4 in Axes
    10 | D        | Acquired Trog's second power
    21 | D        | Reached skill level 5 in Axes
    25 | D        | Reached XP level 2. HP: 15/28 MP: 1/1
    30 | D        | Reached skill level 5 in Fighting
    30 | D        | Reached skill level 6 in Axes
   182 | D        | Found a glowing silver altar of Zin.
   182 | D        | Found a glowing golden altar of the Shining One.
   182 | D        | Found an ancient bone altar of Kikubaaqudgha.
   182 | D        | Found a basalt altar of Yredelemnul.
   182 | D        | Found a shimmering altar of Xom.
   182 | D        | Found a radiant altar of Vehumet.
   182 | D        | Found an iron altar of Okawaru.
   183 | D        | Found a burning altar of Makhleb.
   184 | D        | Found a deep blue altar of Sif Muna.
   185 | D        | Found a bloodstained altar of Trog.
   186 | D        | Found a sparkling altar of Nemelex Xobeh.
   187 | D        | Found a white marble altar of Elyvilon.
   188 | D        | Found a roughly hewn altar of Beogh.
   189 | D        | Found a viscous altar of Jiyva.
   190 | D        | Found a corrupted altar of Lugonu.
   191 | D        | Found a blossoming altar of Fedhas.
   192 | D        | Found a snail-covered altar of Cheibriados.
   193 | D        | Found a shadowy altar of Dithmenos.
   194 | D        | Found a stormy altar of Qazlal.
   195 | D        | Found an opulent altar of Gozag.
   196 | D        | Found a sacrificial altar of Ru.
   254 | D        | Noticed a worker ant
   254 | D        | Noticed a centaur
   258 | D        | Acquired Trog's third power
   260 | D        | Reached skill level 7 in Axes
   260 | D        | Reached XP level 3. HP: 36/36 MP: 2/2
   262 | D        | Killed a worker ant
   262 | D        | Reached skill level 8 in Axes
   265 | D        | Killed a centaur
   265 | D        | Reached skill level 10 in Axes
   265 | D        | Reached XP level 4. HP: 48/48 MP: 2/2
   300 | D        | Noticed a phantom
   300 | D        | Noticed a yak
   300 | D        | Noticed an ice beast
   300 | D        | Noticed a sky beast
   304 | D        | Killed a yak
   304 | D        | Reached skill level 12 in Axes
   304 | D        | Reached XP level 5. HP: 57/57 MP: 2/2
   304 | D        | Reached XP level 6. HP: 64/64 MP: 3/3
   307 | D        | Killed an ice beast
   307 | D        | Reached skill level 10 in Fighting
   307 | D        | Reached skill level 13 in Axes
   311 | D        | Killed a phantom
   311 | D        | Reached skill level 14 in Axes
   312 | D        | Killed a sky beast
   312 | D        | Reached XP level 7. HP: 74/74 MP: 3/3
   463 | D        | Noticed a crocodile
   463 | D        | Noticed a hippogriff
   463 | D        | Noticed an iguana
   463 | D        | Noticed a water moccasin
   463 | D        | Noticed a yak
   463 | D        | Noticed a black mamba
   467 | D        | Killed a crocodile
   468 | D        | Noticed a black mamba
   469 | D        | Killed a hippogriff
   469 | D        | Received a gift from Trog
   469 | D        | Reached skill level 15 in Axes
   472 | D        | Killed an iguana
   473 | D        | Noticed a wolf
   475 | D        | Killed a water moccasin
   475 | D        | Reached skill level 16 in Axes
   478 | D        | Killed a yak
   478 | D        | Reached XP level 8. HP: 85/85 MP: 3/3
   483 | D        | Killed a black mamba
   483 | D        | Reached skill level 17 in Axes
   487 | D        | Killed a black mamba
   487 | D        | Reached skill level 18 in Axes
   489 | D        | Killed a wolf
   550 | D        | Noticed a giant frog
   550 | D        | Noticed a water moccasin
   550 | D        | Noticed a giant frog
   550 | D        | Noticed a giant frog
   550 | D        | Noticed a boring beetle
   550 | D        | Noticed a porcupine
   553 | D        | Noticed a giant frog
   553 | D        | Killed a giant frog
   554 | D        | Noticed a seven-headed hydra
   557 | D        | Killed a water moccasin
   557 | D        | Reached XP level 9. HP: 94/94 MP: 4/4
   561 | D        | Killed a giant frog
   561 | D        | Received a gift from Trog
   564 | D        | Killed a giant frog
   582 | D        | Killed a boring beetle
   584 | D        | Killed a porcupine
   584 | D        | Reached skill level 19 in Axes
   587 | D        | Killed a giant frog
   589 | D        | HP: 4/96 [seven-headed hydra (13)]
   589 | D        | Mangled by a seven-headed hydra

Action                   |  1- 3 |  4- 6 |  7- 9 || total
-------------------------+-------+-------+-------++-------
Melee: Hand axe          |    20 |       |       ||    20
       War axe           |     7 |     9 |    49 ||    65
Invok: Trog's Hand       |     2 |     1 |     3 ||     6
       Berserk           |     1 |     1 |     2 ||     4
  Use: Potion            |       |       |     1 ||     1
  Eat: Bread ration      |       |       |     1 ||     1
